NCAA
NORTH CAROLINA TARHEELS @ RICE OWLS
03/16/2060
 
TOP OF THE 1ST
North Carolina Tarheels batting - Pitching for Rice Owls : RHP Andy Kleiner
Pitching: RHP Andy Kleiner
Batting: LHB Dave France 0-0: Ball
1-0: Ball
2-0: Fly out, F7 (Flyball, 78XD, EV 83.8 MPH)
Batting: RHB Jerome Lyons 0-0: Called Strike
0-1: Ball
1-1: Ball
2-1: Swinging Strike
2-2: Foul Ball, location: 2F
2-2: Foul Ball, location: 2F
2-2: Strikes out looking
Batting: LHB Jeromy Cardenas 0-0: Ball
1-0: DOUBLE (Flyball, 78XD, EV 106.2 MPH)
Batting: RHB Koby Thomas 0-0: Ball
1-0: Called Strike
1-1: Swinging Strike
1-2: Fly out, F5 (Popup, 25F, EV 85.0 MPH)
Top of the 1st over - 0 runs, 1 hit, 0 errors, 1 left on base; North Carolina 0 - Rice 0
BOTTOM OF THE 1ST
Rice Owls batting - Pitching for North Carolina Tarheels : RHP Cordell Padilla
Pitching: RHP Cordell Padilla
Batting: RHB Tanner Curley 0-0: Ball
1-0: Called Strike
1-1: Ground out 6-3 (Groundball, 6M, EV 81.9 MPH)
Batting: LHB Keierre Volter 0-0: Ball
1-0: Called Strike
1-1: Swinging Strike
1-2: Foul Ball, location: 2F
1-2: Ground out 4-3 (Groundball, 4S, EV 85.6 MPH)
Batting: LHB Isaac Rampone 0-0: Called Strike
0-1: Foul Ball, location: 2F
0-2: Foul Ball, location: 2F
0-2: Ball
1-2: Ball
2-2: SINGLE (Groundball, P, EV 91.2 MPH) (infield hit)
Batting: LHB Phil Sauser 0-0: Ball
1-0: Called Strike
1-1: Ball
2-1: Ball
3-1: DOUBLE (Flyball, 8LXD, EV 99.4 MPH)
Isaac Rampone to third
Runner from 3rd tries for Home, SAFE, throw by CF to trailing runner, SAFE at third!
Batting: RHB Caden Kent 0-0: Ball
1-0: Foul Ball, location: 2F
1-1: Foul Ball, location: 2F
1-2: Ball
2-2: Foul Ball, location: 2F
2-2: Reached on error, E5 (Groundball, 56S, EV 78.8 MPH)
Phil Sauser scores
Batting: SHB Dave Powell 0-0: Called Strike
0-1: Ball
1-1: Foul Ball, location: 2F
1-2: Fly out, F8 (Flyball, 8LM, EV 88.1 MPH)
Bottom of the 1st over - 2 runs, 2 hits, 1 error, 1 left on base; North Carolina 0 - Rice 2
TOP OF THE 2ND
North Carolina Tarheels batting - Pitching for Rice Owls : RHP Andy Kleiner
Batting: RHB Kenny Tirpak 0-0: Called Strike
0-1: Foul Ball, location: 2F
0-2: Strikes out swinging
Batting: RHB Timothy Williams 0-0: Called Strike
0-1: Ball
1-1: Swinging Strike
1-2: Foul Ball, location: 2F
1-2: Foul Ball, location: 2F
1-2: Strikes out swinging
Batting: RHB Peter Gooch 0-0: Foul Ball, location: 2F
0-1: Foul Ball, location: 2F
0-2: Ball
1-2: Strikes out swinging
Top of the 2nd over - 0 runs, 0 hits, 0 errors, 0 left on base; North Carolina 0 - Rice 2
BOTTOM OF THE 2ND
Rice Owls batting - Pitching for North Carolina Tarheels : RHP Cordell Padilla
Batting: RHB Isaiah Cody 0-0: Called Strike
0-1: Foul Ball, location: 2F
0-2: Strikes out swinging
Batting: RHB Lance Hinson 0-0: Foul Ball, location: 2F
0-1: Foul Ball, location: 2F
0-2: Strikes out swinging
Batting: RHB Duron Diaz 0-0: Foul Ball, location: 2F
0-1: Ball
1-1: Swinging Strike
1-2: Ball
2-2: Strikes out swinging
Bottom of the 2nd over - 0 runs, 0 hits, 0 errors, 0 left on base; North Carolina 0 - Rice 2
TOP OF THE 3RD
North Carolina Tarheels batting - Pitching for Rice Owls : RHP Andy Kleiner
Batting: RHB Lance Fearing 0-0: Foul Ball, location: 2F
0-1: Hit by Pitch
Batting: RHB E.T. Daniels 0-0: Fly out, F8 (Line Drive, 8LM, EV 94.4 MPH)
Batting: LHB Dave France 0-0: Foul Ball, location: 2F
0-1: Fly out, F8 (Flyball, 8LXD, EV 103.1 MPH)
Batting: RHB Jerome Lyons 0-0: Ball
1-0: Called Strike
1-1: Ball
2-1: Called Strike
Lance Fearing is caught stealing 2nd base 2-4
Top of the 3rd over - 0 runs, 0 hits, 0 errors, 0 left on base; North Carolina 0 - Rice 2
BOTTOM OF THE 3RD
Rice Owls batting - Pitching for North Carolina Tarheels : RHP Cordell Padilla
Batting: RHB Tanner Curley 0-0: Ball
1-0: Ground out 6-3 (Groundball, 6M, EV 82.5 MPH)
Batting: LHB Keierre Volter 0-0: Ball
1-0: Ball
2-0: Called Strike
2-1: Ground out 4-3 (Groundball, 4, EV 83.8 MPH)
Batting: LHB Isaac Rampone 0-0: Ball
1-0: Fly out, F8 (Flyball, 8LM, EV 86.9 MPH)
Bottom of the 3rd over - 0 runs, 0 hits, 0 errors, 0 left on base; North Carolina 0 - Rice 2
TOP OF THE 4TH
North Carolina Tarheels batting - Pitching for Rice Owls : RHP Andy Kleiner
Batting: RHB Jerome Lyons 0-0: Foul Ball, location: 2F
0-1: Ball
1-1: Called Strike
1-2: Hit by Pitch
Batting: LHB Jeromy Cardenas 0-0: Called Strike
0-1: Called Strike
0-2: Strikes out swinging
Batting: RHB Koby Thomas 0-0: Ball
Jerome Lyons steals 2nd base
1-0: Called Strike
1-1: Called Strike
1-2: Ball
2-2: Ground out 5-3 (Groundball, 56, EV 89.4 MPH)
Batting: RHB Kenny Tirpak 0-0: Ball
1-0: Ball
2-0: Called Strike
2-1: Foul Ball, location: 2F
2-2: Fly out, F7 (Flyball, 78D, EV 103.8 MPH)
Top of the 4th over - 0 runs, 0 hits, 0 errors, 1 left on base; North Carolina 0 - Rice 2
BOTTOM OF THE 4TH
Rice Owls batting - Pitching for North Carolina Tarheels : RHP Cordell Padilla
Batting: LHB Phil Sauser 0-0: Ball
1-0: Swinging Strike
1-1: Ball
2-1: Foul Ball, location: 2F
2-2: Fly out, F8 (Flyball, 8LD, EV 77.5 MPH)
Batting: RHB Caden Kent 0-0: Ball
1-0: Foul Ball, location: 2F
1-1: Ball
2-1: Ground out 5-3 (Groundball, 56, EV 85.0 MPH)
Batting: SHB Dave Powell 0-0: Called Strike
0-1: Called Strike
0-2: Foul Ball, location: 2F
0-2: Strikes out swinging
Bottom of the 4th over - 0 runs, 0 hits, 0 errors, 0 left on base; North Carolina 0 - Rice 2
TOP OF THE 5TH
North Carolina Tarheels batting - Pitching for Rice Owls : RHP Andy Kleiner
Batting: RHB Timothy Williams 0-0: Foul Ball, location: 2F
0-1: Ball
1-1: Ball
2-1: Foul Ball, location: 2F
2-2: Foul Ball, location: 2F
2-2: Foul Ball, location: 2F
2-2: Foul Ball, location: 2F
2-2: Fly out, F4 (Popup, 34D, EV 45.6 MPH)
Batting: RHB Peter Gooch 0-0: Called Strike
0-1: Ball
1-1: Ball
2-1: Foul Ball, location: 2F
2-2: Ball
3-2: Foul Ball, location: 2F
3-2: Foul Ball, location: 2F
3-2: Base on Balls
Batting: RHB Lance Fearing 0-0: Called Strike
0-1: Ball
1-1: Foul Ball, location: 2F
1-2: Fly out, F8 (Flyball, 8RD, EV 103.1 MPH)
Batting: RHB E.T. Daniels 0-0: Ball
1-0: Ball
2-0: Ball
3-0: Called Strike
3-1: Ground out U3 (Groundball, 3L, EV 109.4 MPH)
Top of the 5th over - 0 runs, 0 hits, 0 errors, 1 left on base; North Carolina 0 - Rice 2
BOTTOM OF THE 5TH
Rice Owls batting - Pitching for North Carolina Tarheels : RHP Cordell Padilla
Batting: RHB Isaiah Cody 0-0: Foul Ball, location: 2F
0-1: Ball
1-1: Ground out 6-3 (Groundball, 6, EV 102.5 MPH)
Batting: RHB Lance Hinson 0-0: Called Strike
0-1: Called Strike
0-2: SINGLE (Popup, 3D, EV 52.5 MPH)
Batting: RHB Duron Diaz 0-0: SINGLE (Groundball, 6MD, EV 95.6 MPH)
Lance Hinson to second
Batting: RHB Tanner Curley 0-0: Called Strike
0-1: Ball
1-1: Called Strike
1-2: Strikes out swinging
Batting: LHB Keierre Volter 0-0: Fielders Choice at 2nd, 5-4 (Groundball, 5L, EV 83.8 MPH)
Bottom of the 5th over - 0 runs, 2 hits, 0 errors, 2 left on base; North Carolina 0 - Rice 2
TOP OF THE 6TH
North Carolina Tarheels batting - Pitching for Rice Owls : RHP Andy Kleiner
Batting: LHB Dave France 0-0: Ball
1-0: Swinging Strike
1-1: Foul Ball, location: 2F
1-2: Ball
2-2: Ball
3-2: Fly out, F9 (Line Drive, 89M, EV 93.8 MPH)
Pitching: RHP Jordan Murphy
Batting: RHB Jerome Lyons 0-0: Ball
1-0: Ball
2-0: Called Strike
2-1: Ball
3-1: Base on Balls
Batting: LHB Jeromy Cardenas 0-0: Ball
1-0: Ball
2-0: Called Strike
2-1: DOUBLE (Line Drive, 78D, EV 105.0 MPH)
Jerome Lyons to third
Batting: RHB Koby Thomas 0-0: Ball
1-0: Swinging Strike
1-1: Foul Ball, location: 2F
1-2: Fly out, F7 (Flyball, 78M, EV 88.8 MPH)
Runner from 3rd tags up, OUT at HOME! 7-2
Top of the 6th over - 0 runs, 1 hit, 0 errors, 1 left on base; North Carolina 0 - Rice 2
BOTTOM OF THE 6TH
Rice Owls batting - Pitching for North Carolina Tarheels : RHP Cordell Padilla
Batting: LHB Isaac Rampone 0-0: SINGLE (Line Drive, 8RS, EV 102.5 MPH)
Batting: LHB Phil Sauser 0-0: Called Strike
0-1: Ball
1-1: Ball
2-1: Called Strike
2-2: SINGLE (Flyball, 34D, EV 88.8 MPH)
Isaac Rampone to second
Batting: RHB Caden Kent 0-0: Ball
1-0: Foul Ball, location: 2F
1-1: Called Strike
1-2: Foul Ball, location: 2F
1-2: Strikes out swinging
Batting: SHB Dave Powell 0-0: Ball
1-0: Ball
2-0: Foul Ball, location: 2F
2-1: Fly out, F7 (Flyball, 7, EV 93.8 MPH)
Pitching: LHP Jaeden Kinnison
Batting: RHB Isaiah Cody 0-0: Swinging Strike
0-1: Ball
1-1: Swinging Strike
1-2: Foul Ball, location: 2F
1-2: Ground out 6-3 (Groundball, 6M, EV 102.5 MPH)
Bottom of the 6th over - 0 runs, 2 hits, 0 errors, 2 left on base; North Carolina 0 - Rice 2
TOP OF THE 7TH
North Carolina Tarheels batting - Pitching for Rice Owls : RHP Jordan Murphy
Batting: RHB Kenny Tirpak 0-0: Called Strike
0-1: Foul Ball, location: 2F
0-2: Ball
1-2: Ball
2-2: SINGLE (Popup, 5D, EV 48.8 MPH)
Batting: RHB Timothy Williams 0-0: Swinging Strike
0-1: Fielders Choice at 2nd, 6-4 (Groundball, 6D, EV 98.8 MPH)
Batting: RHB Peter Gooch 0-0: Ball
1-0: Fly out, F8 (Flyball, 89D, EV 110.0 MPH)
Batting: RHB Lance Fearing 0-0: Called Strike
0-1: Called Strike
0-2: Ball
Timothy Williams is caught stealing 2nd base 2-4
Top of the 7th over - 0 runs, 1 hit, 0 errors, 0 left on base; North Carolina 0 - Rice 2
BOTTOM OF THE 7TH
Rice Owls batting - Pitching for North Carolina Tarheels : LHP Jaeden Kinnison
Batting: RHB Lance Hinson 0-0: Ball
1-0: Ball
2-0: Swinging Strike
2-1: Swinging Strike
2-2: SINGLE (Line Drive, 6D, EV 95.0 MPH)
Batting: RHB Duron Diaz 0-0: Bunted foul
0-1: Sac Bunt to 25 - play at first, batter OUT! 5-3
Lance Hinson to second
Batting: RHB Tanner Curley 0-0: Called Strike
0-1: Called Strike
0-2: Ball
1-2: Ball
2-2: Ground out U3 (Groundball, 34, EV 111.9 MPH)
Lance Hinson to third
Batting: LHB Keierre Volter 0-0: Called Strike
0-1: Ball
1-1: Ground out 6-3 (Groundball, 6D, EV 103.8 MPH)
Bottom of the 7th over - 0 runs, 1 hit, 0 errors, 1 left on base; North Carolina 0 - Rice 2
TOP OF THE 8TH
North Carolina Tarheels batting - Pitching for Rice Owls : RHP Jordan Murphy
Batting: RHB Lance Fearing 0-0: Fly out, F9 (Flyball, 9D, EV 98.8 MPH)
Pinch Hitting: RHB Ricky Vance 0-0: Ground out 6-3 (Groundball, 6MS, EV 82.5 MPH)
Batting: LHB Dave France 0-0: Called Strike
0-1: SINGLE (Groundball, 4MS, EV 68.8 MPH) (infield hit)
Batting: RHB Jerome Lyons 0-0: Called Strike
0-1: Called Strike
0-2: Ball
1-2: Foul Ball, location: 2F
1-2: Fly out, F8 (Flyball, 8LS, EV 85.6 MPH)
Top of the 8th over - 0 runs, 1 hit, 0 errors, 1 left on base; North Carolina 0 - Rice 2
BOTTOM OF THE 8TH
Rice Owls batting - Pitching for North Carolina Tarheels : LHP Jaeden Kinnison
Now at 2B: Chase Adams
Batting: LHB Isaac Rampone 0-0: Swinging Strike
0-1: Ball
1-1: Fly out, F9 (Flyball, 89M, EV 95.6 MPH)
Batting: LHB Phil Sauser 0-0: Ball
1-0: Ground out U3 (Groundball, 3S, EV 82.5 MPH)
Batting: RHB Caden Kent 0-0: Ball
1-0: Ball
2-0: Called Strike
2-1: Ball
3-1: Foul Ball, location: 2F
3-2: Foul Ball, location: 2F
3-2: Foul Ball, location: 2F
3-2: Strikes out swinging
Bottom of the 8th over - 0 runs, 0 hits, 0 errors, 0 left on base; North Carolina 0 - Rice 2
TOP OF THE 9TH
North Carolina Tarheels batting - Pitching for Rice Owls : RHP Jordan Murphy
Pitching: RHP Logan Benson
Now in RF: Cody Hsi
Batting: LHB Jeromy Cardenas 0-0: SINGLE (Groundball, 6MD, EV 101.9 MPH)
Batting: RHB Koby Thomas 0-0: Ball
1-0: Foul Ball, location: 2F
1-1: Ball
2-1: Fly out, F5 (Popup, 5F, EV 64.4 MPH)
Batting: RHB Kenny Tirpak 0-0: Ball
1-0: Called Strike
1-1: Grounds into double play, 4-6-3 (Groundball, 4MD, EV 93.1 MPH)
Top of the 9th over - 0 runs, 1 hit, 0 errors, 0 left on base; North Carolina 0 - Rice 2
Wednesday, April 17th , 2024 - OOTP Baseball 23.10 Build 110